3213 views
Uploaded 2020-04-21 17:43:28
Game version 1.32.3
12:44 long 2on2 ladder game on (4)SynergyBigPaved
Saved by zebroni
3213 views
Uploaded 2020-04-21 17:43:28
Game version 1.32.3
12:44 long 2on2 ladder game on (4)SynergyBigPaved
42 units @ 6k
/ 0.9k
27 buildings @ 3.2k
/ 1k


| Potion of Healing | 1 | 150 |
| Scroll of Regeneration | 1 | 100 |
| Lesser Clarity Potion | 1 | 70 |
| Scroll of Town Portal | 1 | 350 |
| total: | 4 | 670g |
| Peasant | 16 | 1200 | / | 0 |
| Rifleman | 6 | 1230 | / | 180 |
| Mortar Team | 3 | 540 | / | 210 |
| total: | 25 | 2970g | / | 390w |
| Scout Tower | 2 | 60 | / | 40 |
| Arcane Tower | 2 | 140 | / | 100 |
| Altar of Kings | 1 | 180 | / | 50 |
| Farm | 10 | 800 | / | 200 |
| Blacksmith | 1 | 140 | / | 60 |
| Barracks | 1 | 160 | / | 60 |
| Arcane Vault | 1 | 130 | / | 30 |
| Lumber Mill | 1 | 120 | / | 0 |
| Workshop | 1 | 140 | / | 140 |
| Keep | 1 | 320 | / | 210 |
| total: | 18 | 1730g | / | 580w |
| 0:04 | Peasant |
| 0:04 | Peasant |
| 0:10 | Altar of Kings |
| 0:21 | Farm |
| 0:25 | Peasant |
| 0:38 | Peasant |
| 0:53 | Blacksmith |
| 0:58 | Peasant |
| 1:19 | Peasant |
| 1:27 | Peasant |
| 1:32 | Barracks |
| 1:41 | Farm |
| 1:46 | Peasant |
| 1:52 | Peasant |
| 1:54 | Peasant |
| 2:00 | Scout Tower |
| 2:21 | Holy Light |
| 2:47 | Arcane Tower |
| 3:03 | Rifleman |
| 3:03 | Rifleman |
| 3:31 | Rifleman |
| 3:34 | Scout Tower |
| 4:03 | Keep |
| 4:25 | Arcane Tower |
| 5:08 | Farm |
| 5:36 | Farm |
| 5:47 | Rifleman |
| 5:53 | Arcane Vault |
| 6:06 | Devotion Aura |
| 6:34 | Lumber Mill |
| 6:35 | Peasant |
| 6:36 | Peasant |
| 6:36 | Peasant |
| 6:46 | Long Rifles |
| 7:08 | Peasant |
| 7:08 | Peasant |
| 7:08 | Peasant |
| 7:39 | Rifleman |
| 7:43 | Holy Light |
| 7:48 | Farm |
| 7:49 | Farm |
| 8:25 | Potion of Healing |
| 8:46 | Scroll of Town Portal |
| 8:59 | Workshop |
| 9:24 | Black Gunpowder |
| 9:34 | Scroll of Regeneration |
| 9:34 | Lesser Clarity Potion |
| 9:53 | Mortar Team |
| 9:59 | Rifleman |
| 10:17 | Mortar Team |
| 10:27 | Flame Strike |
| 10:51 | Farm |
| 10:52 | Farm |
| 11:06 | Mortar Team |
| 11:32 | Farm |
| 11:33 | Farm |


| Rod of Necromancy | 2 | 300 |
| Orb of Corruption | 1 | 375 |
| Dust of Appearance | 2 | 150 |
| Scroll of Town Portal | 2 | 700 |
| Potion of Lesser Invulnerability | 1 | 150 |
| total: | 8 | 1675g |
| Acolyte | 2 | 150 | / | 0 |
| Ghoul | 3 | 360 | / | 0 |
| Crypt Fiend | 8 | 1720 | / | 320 |
| Obsidian Statue | 3 | 600 | / | 105 |
| Abomination | 1 | 240 | / | 70 |
| total: | 17 | 3070g | / | 495w |
| Nerubian Tower | 1 | 100 | / | 20 |
| Altar of Darkness | 1 | 180 | / | 50 |
| Ziggurat | 4 | 600 | / | 200 |
| Crypt | 1 | 200 | / | 50 |
| Tomb of Relics | 1 | 130 | / | 30 |
| Graveyard | 1 | 215 | / | 0 |
| Slaughterhouse | 1 | 140 | / | 135 |
| Halls of the Dead | 1 | 320 | / | 210 |
| Black Citadel | 1 | 325 | / | 230 |
| total: | 9 | 1465g | / | 465w |
| 0:02 | Acolyte |
| 0:02 | Acolyte |
| 0:10 | Altar of Darkness |
| 0:13 | Ziggurat |
| 0:33 | Crypt |
| 0:48 | Tomb of Relics |
| 1:21 | Graveyard |
| 1:30 | Ziggurat |
| 1:37 | Ghoul |
| 1:37 | Ghoul |
| 1:51 | Ghoul |
| 2:14 | Rod of Necromancy |
| 2:15 | Death Coil |
| 2:54 | Crypt Fiend |
| 3:26 | Halls of the Dead |
| 3:40 | Nerubian Tower |
| 3:41 | Crypt Fiend |
| 3:58 | Crypt Fiend |
| 4:42 | Crypt Fiend |
| 5:00 | Rod of Necromancy |
| 5:02 | Dust of Appearance |
| 5:22 | Ziggurat |
| 5:53 | Unholy Aura |
| 6:04 | Black Citadel |
| 6:08 | Slaughterhouse |
| 6:40 | Burrow |
| 6:40 | Crypt Fiend |
| 6:47 | Dust of Appearance |
| 7:29 | Obsidian Statue |
| 7:50 | Scroll of Town Portal |
| 8:07 | Frost Nova |
| 8:37 | Orb of Corruption |
| 8:41 | Death Coil |
| 8:53 | Obsidian Statue |
| 9:16 | Ziggurat |
| 9:20 | Creature Attack |
| 10:03 | Scroll of Town Portal |
| 10:11 | Crypt Fiend |
| 10:27 | Potion of Lesser Invulnerability |
| 10:49 | Crypt Fiend |
| 11:38 | Frost Armor |
| 12:17 | Crypt Fiend |
| 12:17 | Abomination |
| 12:25 | Destroyer Form |
| 12:25 | Obsidian Statue |
38 units @ 5.6k
/ 0.6k
29 buildings @ 4.6k
/ 1.8k



| Lesser Clarity Potion | 2 | 140 |
| Healing Salve | 3 | 300 |
| Scroll of Speed | 2 | 100 |
| Orb of Lightning | 1 | 375 |
| Boots of Speed | 1 | 250 |
| Rod of Necromancy | 1 | 150 |
| total: | 10 | 1315g |
| Peon | 7 | 525 | / | 0 |
| Grunt | 4 | 800 | / | 0 |
| Raider | 4 | 720 | / | 160 |
| Kodo Beast | 2 | 510 | / | 120 |
| Spirit Walker | 1 | 195 | / | 35 |
| total: | 18 | 2750g | / | 315w |
| Altar of Storms | 1 | 180 | / | 50 |
| Orc Burrow | 5 | 800 | / | 200 |
| Voodoo Lounge | 1 | 130 | / | 30 |
| Barracks | 1 | 180 | / | 50 |
| War Mill | 1 | 205 | / | 0 |
| Beastiary | 1 | 145 | / | 140 |
| Tauren Totem | 1 | 135 | / | 155 |
| Stronghold | 1 | 315 | / | 190 |
| Fortress | 1 | 325 | / | 190 |
| total: | 11 | 1775g | / | 625w |
| 0:02 | Peon |
| 0:02 | Peon |
| 0:03 | Altar of Storms |
| 0:10 | Peon |
| 0:14 | Orc Burrow |
| 0:38 | Peon |
| 0:48 | Voodoo Lounge |
| 0:49 | Peon |
| 0:54 | Peon |
| 1:26 | Barracks |
| 1:31 | Peon |
| 1:42 | Orc Burrow |
| 2:02 | Lesser Clarity Potion |
| 2:02 | Healing Salve |
| 2:02 | Wind Walk |
| 2:04 | Scroll of Speed |
| 2:35 | Grunt |
| 2:56 | Stronghold |
| 3:16 | Grunt |
| 3:51 | Grunt |
| 4:03 | Boots of Speed |
| 4:10 | Orc Burrow |
| 5:01 | Grunt |
| 5:28 | Rod of Necromancy |
| 5:44 | Critical Strike |
| 5:48 | Beastiary |
| 6:25 | Fortress |
| 6:27 | Healing Salve |
| 6:28 | Scroll of Speed |
| 6:31 | Berserker Strength |
| 6:44 | Hex |
| 6:53 | Raider |
| 6:54 | Ensnare |
| 7:04 | Wind Walk |
| 7:31 | Raider |
| 7:35 | War Mill |
| 7:44 | Healing Wave |
| 8:26 | Raider |
| 8:33 | Orc Burrow |
| 8:45 | Tauren Totem |
| 8:50 | War Drums Damage Increase |
| 9:11 | Healing Salve |
| 9:11 | Lesser Clarity Potion |
| 9:14 | Orb of Lightning |
| 10:11 | Kodo Beast |
| 10:14 | Orc Burrow |
| 10:21 | Healing Wave |
| 10:42 | Reinforced Defenses |
| 10:44 | Spirit Walker Adept Training |
| 10:46 | War Stomp |
| 11:05 | Kodo Beast |
| 11:11 | Spirit Walker |
| 12:43 | Raider |


| Acolyte | 2 | 150 | / | 0 |
| Ghoul | 8 | 960 | / | 0 |
| Crypt Fiend | 4 | 860 | / | 160 |
| Necromancer | 4 | 580 | / | 80 |
| Banshee | 2 | 310 | / | 60 |
| total: | 20 | 2860g | / | 300w |
| Spirit Tower | 1 | 145 | / | 40 |
| Ziggurat | 7 | 1050 | / | 350 |
| Altar of Darkness | 1 | 180 | / | 50 |
| Crypt | 1 | 200 | / | 50 |
| Graveyard | 2 | 430 | / | 0 |
| Tomb of Relics | 2 | 260 | / | 60 |
| Temple of the Damned | 3 | 465 | / | 420 |
| Slaughterhouse | 2 | 280 | / | 270 |
| Halls of the Dead | 1 | 320 | / | 210 |
| Black Citadel | 1 | 325 | / | 230 |
| total: | 18 | 2865g | / | 1200w |
| 0:04 | Acolyte |
| 0:09 | Ziggurat |
| 0:11 | Altar of Darkness |
| 0:29 | Crypt |
| 0:39 | Acolyte |
| 1:09 | Graveyard |
| 1:12 | Graveyard |
| 1:31 | Ghoul |
| 1:42 | Tomb of Relics |
| 1:44 | Tomb of Relics |
| 1:49 | Ghoul |
| 2:07 | Ghoul |
| 2:13 | Ziggurat |
| 2:18 | Sleep |
| 2:25 | Ghoul |
| 2:37 | Ghoul |
| 3:22 | Spirit Tower |
| 3:25 | Halls of the Dead |
| 3:34 | Ghoul |
| 3:34 | Ghoul |
| 4:01 | Creature Attack |
| 4:06 | Ziggurat |
| 4:25 | Crypt Fiend |
| 4:53 | Crypt Fiend |
| 5:22 | Ghoul |
| 5:48 | Ziggurat |
| 6:11 | Web |
| 6:16 | Creature Carapace |
| 6:38 | Crypt Fiend |
| 6:44 | Temple of the Damned |
| 6:52 | Temple of the Damned |
| 6:57 | Ziggurat |
| 7:08 | Vampiric Aura |
| 7:55 | Necromancer Adept Training |
| 7:57 | Skeletal Mastery |
| 7:58 | Necromancer |
| 8:36 | Black Citadel |
| 8:46 | Crypt Fiend |
| 8:57 | Death Coil |
| 9:13 | Slaughterhouse |
| 9:15 | Temple of the Damned |
| 9:49 | Necromancer |
| 9:49 | Necromancer |
| 9:52 | Improved Creature Attack |
| 10:08 | Ziggurat |
| 10:44 | Unholy Aura |
| 10:47 | Vampiric Aura |
| 11:04 | Necromancer |
| 11:16 | Slaughterhouse |
| 11:20 | Necromancer Master Training |
| 11:22 | Banshee Adept Training |
| 11:22 | Banshee |
| 12:09 | Banshee |
| 12:15 | Ziggurat |
⇛